 Dungeon Crawl Stone Soup version 0.23.2 (webtiles) character file.

Game seed: 5923269503437054965

290 Borgoz the Cutter (level 6, -10/37 HPs)
             Began as a Gargoyle Gladiator on Apr 7, 2019.
             Killed by divine providence
             ... invoked by an orc priest
              (12 damage)
             ... on level 4 of the Dungeon.
             The game lasted 00:05:53 (4003 turns).

Borgoz the Cutter (Gargoyle Gladiator)              Turns: 4003, Time: 00:05:54

Health: -10/37     AC: 15    Str: 17    XL:     6   Next: 32%
Magic:  15/15      EV: 12    Int:  9    God:
Gold:   144        SH:  0    Dex: 13    Spells: 5/5 levels left

rFire    . . .     SeeInvis .   a - +0 rapier
rCold    . . .     Gourm    .   (no shield)
rNeg     + . .     Faith    .   i - +0 ring mail
rPois    ∞         Spirit   .   p - +2 helmet
rElec    +         Reflect  .   (no cloak)
rCorr    .         Harm     .   (no gloves)
MR       .....                  m - +0 pair of boots
Stlth    +.........             (no amulet)
HPRegen  0.12/turn              o - ring of magical power
MPRegen  0.14/turn              s - +1 ring of protection

@: flying
A: negative energy resistance 1, electricity resistance, unbreathing,
petrification resistance, rot immunity, AC +4
a: no special abilities


You were on level 4 of the Dungeon.
You were not hungry.

You visited 1 branch of the dungeon, and saw 4 of its levels.

You collected 144 gold pieces.

Inventory:

Hand Weapons
 a - a +0 rapier (weapon)
 c - a +0 club
Missiles
 d - 3 throwing nets (quivered)
Armour
 i - a +0 ring mail (worn)
 m - a +0 pair of boots (worn)
 p - a +2 helmet (worn)
Jewellery
 o - a ring of magical power (left hand)
 s - a +1 ring of protection (right hand)
Scrolls
 b - a scroll of immolation {unknown}
 e - 3 scrolls of remove curse {unknown}
 g - 3 scrolls of teleportation {unknown}
 h - a scroll of identify {unknown}
 u - a scroll of enchant weapon {unknown}
Potions
 j - a potion of berserk rage {unknown}
 k - a potion of agility {unknown}
 l - a potion of flight
 n - a potion of ambrosia {unknown}
 q - a potion of degeneration {unknown}
 r - a potion of magic
 t - a potion of might {unknown}
Comestibles
 f - 9 rations
 v - 3 chunks of flesh


   Skills:
 + Level 3.1 Fighting
 * Level 4.1 Short Blades
 - Level 1.7 Throwing
 + Level 2.1 Armour
 * Level 3.7 Dodging
 + Level 2.1 Stealth


You had 5 spell levels left.
You didn't know any spells.
Your spell library was empty.

Dungeon Overview and Level Annotations

Branches:
Dungeon (4/15)
 Temple: D:4-7

Altars:

Annotations:
D:4 3 runed translucent doors, Killmatronix's ghost, amateur CeWn


Innate Abilities, Weirdness & Mutations

You are resistant to torment.
Your stone body is resilient. (AC +4)
You are immune to poison.
You resist negative energy. (rN+)
You are resistant to electric shocks. (rElec)
You can survive without breathing.
You are immune to petrification.
You are immune to rotting.


Message History

The orc priest hits you but does no damage.
The orc misses you. Something hits you but does no damage.
The orc priest mumbles some strange prayers to Beogh against you.
Beogh smites you!
You are too injured to fight recklessly!
You are too injured to fight recklessly!
You are too injured to fight recklessly!
It was a potion of magic.
Magic courses through your body.
The orc priest mumbles some strange prayers to Beogh against you.
Beogh smites you!
* * * LOW HITPOINT WARNING * * *
The orc barely misses you. Something hits you but does no damage.
The orc priest completely misses you.
It was a potion of flight.
You feel very buoyant.
You fly up into the air.
The orc priest closely misses you. The orc closely misses you.
Something hits you but does no damage.
The orc priest mumbles some strange prayers to Beogh against you.
Beogh smites you!
You die...

#.......# .....#.......#
######...##.....#######
.........++.....'.....+
.........##....[#######
.........##.....#######.
.........##.............
......{oo##.............
......o@.##.............
####....................
#....................
#.......###..........
#.......# #..........
#.......# #..........
#.......# #..........
#.......# #..........
#.......#


You could see 2 orc priests and an orc.

Vanquished Creatures
  A hound (D:4)
  3 orc priests
  Robin (D:2)
  4 adders
  An ooze (D:3)
  2 worms
  2 dart slugs
  3 leopard geckos
  10 orcs
  7 bats
  3 giant cockroaches
  11 goblins
  13 hobgoblins
  11 jackals
  8 kobolds
  2 quokkas (D:3)
  3 frilled lizards
  5 rats
90 creatures vanquished.

Notes
Turn   | Place    | Note
-------+----------+-------------------------------------------
     0 | D:1      | Borgoz the Gargoyle Gladiator began the quest for the Orb.
     0 | D:1      | Reached XP level 1. HP: 12/12 MP: 1/1
   359 | D:1      | Reached XP level 2. HP: 9/17 MP: 2/2
   608 | D:1      | Reached skill level 3 in Short Blades
   920 | D:1      | Reached XP level 3. HP: 22/22 MP: 3/3
   928 | D:1      | Reached skill level 1 in Armour
  1281 | D:2      | Noticed Robin
  1287 | D:2      | Killed Robin
  1287 | D:2      | Reached skill level 1 in Stealth
  1298 | D:2      | Reached XP level 4. HP: 19/27 MP: 4/4
  2086 | D:2      | Reached XP level 5. HP: 16/32 MP: 5/5
  3035 | D:3      | Reached XP level 6. HP: 37/37 MP: 6/6
  3255 | D:3      | Reached skill level 4 in Short Blades
  3943 | D:4      | Found a runed translucent gate.
  3943 | D:4      | Found a runed translucent gate.
  3943 | D:4      | Found a runed translucent gate.
  3944 | D:4      | Noticed Killmatronix's ghost (amateur CeWn)
  4003 | D:4      | Killed from afar by an orc priest

Skill      XL: |  1  2  3  4  5  6 |
---------------+-------------------+-----
Short Blades   | 3 4 |  4.1
Armour         | 1 2 |  2.1
Stealth        | 1 2 |  2.1
Dodging        | 3 |  3.7
Fighting       | 3 |  3.1
Throwing       | |  1.7

Action                   |  1- 3 |  4- 6 || total
-------------------------+-------+-------++-------
Melee: Rapier            |   122 |   234 ||   356
  Use: Potion            |       |     3 ||     3
  Eat: Chunk             |     1 |     9 ||    10
Armor: Leather armour    |    14 |       ||    14
       Ring mail         |    43 |   117 ||   160
Dodge: Dodged            |    69 |   193 ||   262
